Map: Catalyst LE

Players

TRUE - Winner!

  • Race: Zerg Zerg
  • Spawn Location: 11:00

Lambo

  • Race: Zerg Zerg
  • Spawn Location: 5:00

Event: WCS Austin 2018

VOD

Have the link to the VOD?

Description

Time

  • Played on: June 2, 2018, 3:01 p.m.
  • Length: 3:22

All games in this series

Show
View Real Time Build Order
Export as new Build Order

TRUE Zerg - Winner!

Build Orders: 1 Base Baneling Bust, Pool First 

Get SALT Encoding   

  12  0:00  Drone  
  13  0:14  Extractor  
  12  0:23  Spawning Pool  
  12  0:27  Drone  
  12  0:32  Drone  
  13  0:37  Drone  
  14  0:49  Overlord  
  14  1:10  Zergling x4  
  14  1:11  Zergling x2  
  17  1:16  Metabolic Boost  
  17  1:22  Zergling x2  
  18  1:32  Zergling x2  
  19  1:35  Baneling Nest  
  18  1:43  Zergling x2  
  19  1:53  Zergling x2  
  20  2:05  Zergling x2  
  21  2:18  Baneling x2  
  21  2:20  Zergling x2  
  21  2:30  Baneling  
  21  2:31  Baneling  
  21  2:34  Hatchery  
  18  2:45  Zergling x2  
  18  2:46  Zergling x2  
  18  2:48  Zergling x2  
  18  2:49  Baneling  
  20  2:55  Baneling  
  20  2:58  Zergling x2  
Show
View Real Time Build Order
Export as new Build Order

Lambo Zerg 

Build Orders: Hatch First 

Get SALT Encoding   

  12  0:00  Drone  
  13  0:12  Overlord  
  13  0:16  Drone  
  14  0:31  Drone x2  
  16  0:48  Hatchery  
  15  0:51  Drone  
  15  0:55  Drone  
  17  0:58  Drone  
  18  1:09  Extractor  
  17  1:13  Spawning Pool  
  17  1:17  Drone  
  17  1:20  Drone  
  18  1:27  Drone  
  19  1:38  Drone  
  20  2:00  Queen x2  
  20  2:01  Zergling x6  
  27  2:11  Zergling x2  
  27  2:23  Spine Crawler  
  27  2:24  Zergling x4  
  27  2:32  Overlord  
  27  2:42  Zergling x4  
  21  2:44  Queen  
  21  2:47  Zergling x2  
  21  3:01  Zergling x4  
Tags
 
Add a new tag
Caveats
  • Supply blocks, unpowered buildings, or Contaminate may cause inaccurate times.
  • Supply counts are checked every 10 seconds.